 Dungeon Crawl Stone Soup version 0.25.0-9-g26727b657a (webtiles) character file.

Game seed: 11130366916430572284

32 mopl the Chopper (level 3, -5/27 HPs)
             Began as a Demonspawn Warper on June 20, 2020.
             Slain by Terence
             ... wielding a +0 hand axe
              (7 damage)
             ... on level 2 of the Dungeon.
             The game lasted 00:01:21 (1304 turns).

mopl the Chopper (Demonspawn Warper)                Turns: 1304, Time: 00:01:21

Health: -5/27      AC:  5    Str: 12    XL:     3   Next: 10%
Magic:  6/6        EV: 10    Int: 14    God:
Gold:   58         SH:  0    Dex: 12    Spells: 4/6 levels left

rFire    . . .     SeeInvis .   a - +0 hand axe
rCold    . . .     Gourm    .   (no shield)
rNeg     . . .     Faith    .   m - +0 ring mail (curse)
rPois    .         Spirit   .   (no helmet)
rElec    .         Reflect  .   (no cloak)
rCorr    .         Harm     .   (no gloves)
MR       .....                  (no boots)
Stlth    +.........             (no amulet)
HPRegen  0.09/turn              (no ring)
MPRegen  0.10/turn              (no ring)

@: no status effects
A: claws 2
a: no special abilities


You were on level 2 of the Dungeon.
You were not hungry.

You visited 1 branch of the dungeon, and saw 2 of its levels.

You collected 58 gold pieces.

Inventory:

Hand Weapons
 a - a +0 hand axe (weapon)
Missiles
 e - 5 boomerangs of dispersal (quivered)
Armour
 m - a cursed +0 ring mail (worn)
Scrolls
 d - a scroll of blinking
 g - a scroll of amnesia {unknown}
 h - 2 scrolls of identify {unknown}
Potions
 b - a potion of heal wounds {unknown}
 c - a potion of brilliance {unknown}
 i - a potion of degeneration {unknown}
 k - a potion of magic {unknown}
 l - a potion of berserk rage {unknown}
 n - a potion of flight {unknown}
Comestibles
 f - 4 rations
 j - a chunk of flesh


   Skills:
 - Level 2.0 Fighting
 + Level 3.3 Axes
 - Level 0.8 Throwing
 - Level 0.8 Armour
 - Level 1.7 Dodging
 - Level 2.0 Spellcasting
 - Level 2.6 Translocations


You had 4 spell levels left.
You knew the following spells:

 Your Spells              Type           Power        Failure   Level  Hunger
e - Blink                 Tloc           N/A          26%         2    ###....

Your spell library contained the following spells:

 Spells                   Type           Power        Failure   Level  Hunger
 Shroud of Golubria       Chrm/Tloc      #.....       43%         2    ###....
 Gell's Gravitas          Tloc           #.........   47%         3    ####...
 Lesser Beckoning         Tloc           #.........   47%         3    ####...
 Teleport Other           Tloc           #.......     47%         3    ####...
 Passage of Golubria      Tloc           N/A          87%         4    #####..


Dungeon Overview and Level Annotations

Branches:
Dungeon (2/15)

Altars:
Gozag
Qazlal
Trog
The Shining One

Annotations:
D:2 Terence


Innate Abilities, Weirdness & Mutations

You have very sharp fingernails.


Message History

Terence hits you with a +0 hand axe.
* * * LOW HITPOINT WARNING * * *
You hit Terence.
Terence is moderately wounded.
Terence completely misses you.
You barely miss Terence.
Terence is moderately wounded.
Terence barely misses you.
You hit Terence but do no damage.
Terence is moderately wounded.
Terence hits you with a +0 hand axe.
* * * LOW HITPOINT WARNING * * *
You hit Terence.
Terence is heavily wounded.
Terence hits you with a +0 hand axe.
* * * LOW HITPOINT WARNING * * *
You closely miss Terence.
Terence is moderately wounded.
Terence hits you with a +0 hand axe!
You die...

.. .# .### ...
####.####..
#..g......#
#..(.#
##?....##.######
8.....8#.g@@..#
#.....##.####.#
8...8 #.# #
##_## #.# # ###
#.# # #.# #.# #
#.####.# ###
#......# ..
##.######..


You could see Terence and a hobgoblin.

Vanquished Creatures
  A leopard gecko (D:1)
  3 goblins (D:1)
  7 hobgoblins
  5 jackals
  2 kobolds (D:2)
  5 bats
  6 rats
29 creatures vanquished.

Notes
Turn   | Place    | Note
-------+----------+-------------------------------------------
     0 | D:1      | mopl the Demonspawn Warper began the quest for the Orb.
     0 | D:1      | Reached XP level 1. HP: 16/16 MP: 3/3
    28 | D:1      | Reached skill level 2 in Axes
   316 | D:1      | Gained mutation: You have sharp fingernails. [demonic
                  | ancestry]
   316 | D:1      | Reached XP level 2. HP: 6/22 MP: 5/5
   534 | D:1      | Learned a level 2 spell: Blink
   988 | D:1      | Reached skill level 3 in Axes
  1194 | D:2      | Found a glowing golden altar of the Shining One.
  1194 | D:2      | Found a bloodstained altar of Trog.
  1195 | D:2      | Found a stormy altar of Qazlal.
  1198 | D:2      | Gained mutation: You have very sharp fingernails. [demonic
                  | ancestry]
  1198 | D:2      | Reached XP level 3. HP: 23/27 MP: 6/6
  1257 | D:2      | Found an opulent altar of Gozag.
  1274 | D:2      | Noticed Terence
  1304 | D:2      | Slain by Terence

Illustrated notes

Levels and vault maps discovered:
D:1:      dpeg_arrival_stone_temple_mockup, layout_rooms
D:2:      layout_loops_ring, nicolae_overflow_hidden_temple,
          gammafunk_temple_overflow_claw, minmay_misc_feat_encased,
          minmay_misc_feat_alley, uniq_terence

Skill      XL: |  1  2 |
---------------+-------+-----
Axes           | 2 3 |  3.3
Fighting       | |  2.0
Throwing       | |  0.8
Armour         | |  0.8
Dodging        | |  1.7
Spellcasting   | |  2.0
Translocations | |  2.6

Action                   || total
-------------------------++-------
Melee: Hand axe          ||   130
  Eat: Chunk             ||     1
Armor: Leather armour    ||    18
       Ring mail         ||    30
Dodge: Dodged            ||   107
